 Dungeon Crawl Stone Soup version 0.30-a0-830-gfe289a77b0 (webtiles) character file.

Game seed: 10058338662668878673

56 Pimp the Ducker (level 3, 0/28 HPs)
             Began as a Demonspawn Gladiator on Feb 28, 2023.
             Slain by an iguana (9 damage)
             ... on level 3 of the Dungeon.
             The game lasted 00:03:42 (1390 turns).

Pimp the Ducker (Demonspawn Gladiator)              Turns: 1390, Time: 00:03:43

Health: 0/28       AC:  5    Str: 16    XL:     3   Next: 71%
Magic:  3/3        EV: 12    Int:  9    God:
Gold:   85         SH:  0    Dex: 14    Spells: 2/2 levels left

rFire   . . .      SeeInvis +    a - +0 war axe
rCold   . . .      Faith    .    (no shield)
rNeg    . . .      Spirit   .    b - +0 leather armour
rPois   .          Reflect  .    c - +0 helmet
rElec   .          Harm     .    (no cloak)
rCorr   .          Rampage  .    p - +0 pair of gloves
Will    .....                    (no boots)
Stlth   +                        (no amulet)
HPRegen 0.24/turn                g - ring of see invisible
MPRegen 0.08/turn                (no ring)

@: no status effects
A: weakness stinger 1
a: no special abilities


You were on level 3 of the Dungeon.
You visited 1 branch of the dungeon, and saw 3 of its levels.

You collected 85 gold pieces.

Inventory:

Hand Weapons
 a - a +0 war axe (weapon)
Missiles
 d - 3 throwing nets (quivered)
 e - a javelin
Armour
 b - a +0 leather armour (worn)
 c - a +0 helmet (worn)
 p - a +0 pair of gloves (worn)
Jewellery
 g - a ring of see invisible (left hand)
Scrolls
 f - a scroll of vulnerability {unknown}
 j - a scroll of enchant armour {unknown}
 l - 2 scrolls of fog {unknown}
 m - 2 scrolls of teleportation {unknown}
 n - a scroll of identify {unknown}
Potions
 h - a potion of invisibility {unknown}
 i - a potion of magic {unknown}
 k - a potion of ambrosia {unknown}
 o - a potion of might {unknown}


   Skills:
 + Level 2.7 Fighting
 + Level 3.1 Axes
 + Level 2.3 Throwing
 + Level 3.1 Dodging


You had 2 spell levels left.
You didn't know any spells.
Your spell library contained the following spells:

 Spells                   Type           Power      Damage    Failure   Level
 Foxfire                  Conj/Fire      0%         2x1d4     45%         1
 Fireball                 Conj/Fire      0%         3d3       100%        5
 Starburst                Conj/Fire      0%         6d3       100%        6


Dungeon Overview and Level Annotations

Branches:
Dungeon (3/15)

Altars:

Shops:
D:1 (


Innate Abilities, Weirdness & Mutations

You have a small tail.


Message History

The slug dart hits you.
You hit the dart slug.
The dart slug is heavily wounded.
The dart slug launches a dart at you.
The slug dart hits you but does no damage.
You hit the dart slug but do no damage.
You tail-slap the dart slug, but do no damage.
The dart slug is heavily wounded.
The dart slug barely misses you.
You hit the dart slug but do no damage. You tail-slap the dart slug.
You kill the dart slug!
You see here a +0 pair of gloves.
You start putting on your armour.
You continue putting on your +0 pair of gloves.
HP restored.
You continue putting on your +0 pair of gloves. x3
You finish putting on your +0 pair of gloves.
An iguana comes into view.
An iguana is nearby!
Found a stone staircase leading down.
The iguana bites you.
You closely miss the iguana. The iguana bites you. The iguana bites you!
* * * LOW HITPOINT WARNING * * *
You closely miss the iguana.
Your tail-slap misses the iguana.
The iguana barely misses you.
You hit the iguana.
The iguana is moderately wounded.
The iguana closely misses you. The iguana completely misses you.
An iguana is nearby!
You barely miss the iguana.
The iguana is moderately wounded.
The iguana closely misses you.
You hit the iguana.
You tail-slap the iguana, but do no damage.
The iguana is heavily wounded.
The iguana bites you but does no damage.
You hit the iguana.
The iguana is heavily wounded.
The iguana bites you!
You die...

~~P~~......#..###.##..
.P~........##.........
##....................
#.....................
..#########..<......#.
# .. ###.........# ...
####...........#
.....###....#.........#
.>....l@....#.........#
#....###.##>#.....<....
#.. #.##............ #
#...##......... ....
#.........
##............. ###.
#... .. ...


You could see an iguana.

Vanquished Creatures
  4 dart slugs
  8 ball pythons
  3 endoplasms
  2 giant cockroaches
  3 goblins (D:2)
  6 hobgoblins
  7 kobolds
  A quokka (D:1)
  4 bats
  A frilled lizard (D:1)
  4 rats
43 creatures vanquished.

Vanquished Creatures (others)
  A plant (D:3)
1 creature vanquished.

Grand Total: 44 creatures vanquished

Notes
Turn   | Place    | Note
-------+----------+-------------------------------------------
     0 | D:1      | Pimp the Demonspawn Gladiator began the quest for the Orb.
     0 | D:1      | Reached XP level 1. HP: 16/16 MP: 1/1
   101 | D:1      | Gained mutation: You have a small tail. [demonic ancestry]
   101 | D:1      | Reached XP level 2. HP: 22/22 MP: 2/2
   313 | D:1      | Found Sosaire's Antique Weapon Emporium.
   423 | D:1      | Reached XP level 3. HP: 27/28 MP: 3/3
  1390 | D:3      | Slain by an iguana

Illustrated notes

Levels and vault maps discovered:
D:1:      minmay_arrival_plants_in_alcoves, layout_rooms, serial_shops, shop,
          grunt_decor_cap
D:2:      layout_loops_ring
D:3:      layout_rooms, zin_treasury, serial_bayou, serial_bayou_pond_a,
          serial_bayou_shore_a, serial_bayou_pond_b, serial_bayou_pond_c,
          gammafunk_ghost_abyssal_escape

Skill      XL: |  1  2 |
---------------+-------+-----
Throwing       | 2 |  2.3
Dodging        | 3 |  3.1
Axes           | 3 |  3.1
Fighting       | |  2.7

Action                     || total
---------------------------++-------
  Melee: War axe           ||   105
         Tailslap          ||     8
         Punch             ||     1
   Stab: Sleeping          ||     1
         Distracted        ||     1
 Armour: Leather armour    ||    31
  Dodge: Dodged            ||    88

Table legend: (Time is in decaauts)
 A = Elapsed time spent in this place.
 B = Non-inter-level travel time spent in this place.
 C = Inter-level travel time spent in this place.
 D = Time resting spent in this place.
 E = Time spent auto-exploring this place.
 F = Levels seen in this place.
 G = Mean time per level.
                   A        B        C        D        E       F      G
               +--------+--------+--------+--------+--------+-----+--------+
         Total |   1425 |   1387 |     38 |     37 |   1002 |   3 |  475.0 |
       Dungeon |   1425 |   1387 |     38 |     37 |   1002 |   3 |  475.0 |
               +--------+--------+--------+--------+--------+-----+--------+

Top non-repeatable levels by time:
     D:2: 687 daAuts
     D:1: 662 daAuts
     D:3: 76 daAuts
